 Dungeon Crawl Stone Soup version 0.31-a0-1025-g2e47921a08 (webtiles) character file.

Game seed: 6099402098190492257

49 Anon1729 the Chopper (level 3, 0/33 HPs)
             Began as a Minotaur Monk on Nov 17, 2023.
             Slain by a sleepcap (1 damage)
             ... on level 2 of the Dungeon.
             The game lasted 00:00:35 (783 turns).

Anon1729 the Chopper (Minotaur Monk)                 Turns: 783, Time: 00:00:35

Health: 0/33       AC:  2    Str: 17    XL:     3   Next: 53%
Magic:  2/2        EV: 13    Int:  7    God:
Gold:   17         SH:  0    Dex: 12    Spells: 2/2 levels left

rFire   . . .        a - +0 hand axe
rCold   . . .        d - orb {light}
rNeg    . . .        b - +0 robe
rPois   .            (helmet restricted)
rElec   .            (no cloak)
rCorr   .            (no gloves)
SInv    .            (no boots)
Will    .....        (no amulet)
Stlth   +            (no ring)
HPRegen 0.25/turn    (no ring)
MPRegen 0.08/turn

%: no passive effects
@: glowing
A: horns 2, retaliatory headbutt
a: no special abilities


You were on level 2 of the Dungeon.
You visited 1 branch of the dungeon, and saw 2 of its levels.

You collected 17 gold pieces.

Inventory:

Hand Weapons
 a - a +0 hand axe (weapon)
Armour
 b - a +0 robe (worn)
 d - an orb of light (worn)
Scrolls
 g - a scroll of vulnerability {unknown}
 h - 2 scrolls of identify {unknown}
 i - a scroll of immolation {unknown}
 k - a scroll of fear {unknown}
Potions
 c - a potion of ambrosia
 e - a potion of invisibility {unknown}
 f - a potion of lignification {unknown}
 j - a potion of curing {unknown}


   Skills:
 + Level 4.2 Fighting
 + Level 4.3 Axes
 + Level 1.1 Armour
 + Level 3.8 Dodging


You had 2 spell levels left.
You didn't know any spells.
Your spell library was empty.

Dungeon Overview and Level Annotations

Branches:
Dungeon (2/15)

Altars:
Makhleb


Innate Abilities, Weirdness & Mutations

You have a pair of horns on your head.
You reflexively headbutt those who attack you in melee.


Message History

The bat misses you. The bat misses you.
You slash the bat!
You kill the bat!
A sleepcap comes into view.
You hit the sleepcap but do no damage. You headbutt the sleepcap.
The sleepcap is lightly damaged.
The sleepcap misses you.
You hit the sleepcap.
The sleepcap is lightly damaged.
The sleepcap closely misses you. You furiously retaliate!
You headbutt the sleepcap! You hit the sleepcap but do no damage.
The sleepcap is heavily damaged.
The sleepcap barely misses you. The sleepcap releases spores at you.
You are engulfed in a cloud of soporific spores!
You fall asleep.
The sleepcap releases spores at you!
You wake up.
You hit the sleepcap but do no damage.
The sleepcap is heavily damaged.
The sleepcap completely misses you.
You hit the sleepcap but do no damage.
You headbutt the sleepcap, but do no damage.
The sleepcap is heavily damaged.
The sleepcap barely misses you. You furiously retaliate!
You headbutt the sleepcap, but do no damage.
You hit the sleepcap. You headbutt the sleepcap.
The sleepcap is severely damaged.
The sleepcap releases spores at you.
You are engulfed in a cloud of soporific spores!
You fall asleep.
The sleepcap releases spores at you!
You wake up.
* * * LOW HITPOINT WARNING * * *
Unknown command.
Unknown command.
Okay, then.
You hit the sleepcap. You headbutt the sleepcap.
The sleepcap is almost destroyed.
The sleepcap releases spores at you.
You die...

#......####.# #######
##...........#
#.........#.#.#######
#
#.##...#....#†#.....#
#
.......#....#.#.....#
#
............#.......#
#
........#.#.###.....#
# #.##...f....#
#.....# #
#......@..### #######
# #######.### #
..######.# #.....:..#
######
#..#####.########
#....% #........#
#.####
#.######.####.####
#.# #.......... ..#
######.####


You could see a sleepcap.

Vanquished Creatures
  An adder (D:2)
  2 dart slugs (D:1)
  4 endoplasms
  3 giant cockroaches (D:1)
  3 goblins (D:1)
  4 hobgoblins (D:1)
  2 quokkas (D:1)
  A ball python (D:1)
  5 bats
  6 frilled lizards
  3 kobolds (D:1)
  A rat (D:1)
35 creatures vanquished.

Notes
Turn   | Place    | Note
-------+----------+-------------------------------------------
     0 | D:1      | Anon1729 the Minotaur Monk began the quest for the Orb.
     0 | D:1      | Reached XP level 1. HP: 19/19 MP: 0/0
    57 | D:1      | Reached XP level 2. HP: 24/27 MP: 1/1
   163 | D:1      | Found a faded altar of an unknown god.
   352 | D:1      | Reached XP level 3. HP: 33/33 MP: 2/2
   490 | D:1      | Reached skill level 1 in Armour
   627 | D:2      | Found a burning altar of Makhleb.
   782 | D:2      | HP: 1/33 [sleepcap (14)]
   783 | D:2      | Slain by a sleepcap

Illustrated notes

Levels and vault maps discovered:
D:1:      eino_arrival_tree_alley, layout_rooms,
          dilly_ecumenical_altar_fadedgnrine
D:2:      layout_loops_cross, basic_altar

Skill      XL: |  1  2  3 |
---------------+----------+-----
Fighting       | 4 |  4.2
Axes           | 4 |  4.3
Armour         | 1 |  1.1
Dodging        | |  3.8

Action                     || total
---------------------------++-------
  Melee: Hand axe          ||    77
         Headbutt          ||    13
 Armour: Robe              ||    41
  Dodge: Dodged            ||    57

Table legend: (Time is in decaauts)
 A = Elapsed time spent in this place.
 B = Non-inter-level travel time spent in this place.
 C = Inter-level travel time spent in this place.
 D = Time resting spent in this place.
 E = Time spent auto-exploring this place.
 F = Levels seen in this place.
 G = Mean time per level.
                   A        B        C        D        E       F      G
               +--------+--------+--------+--------+--------+-----+--------+
         Total |    790 |    722 |     68 |      0 |    545 |   2 |  395.0 |
       Dungeon |    790 |    722 |     68 |      0 |    545 |   2 |  395.0 |
               +--------+--------+--------+--------+--------+-----+--------+

Top non-repeatable levels by time:
     D:1: 633 daAuts
     D:2: 156 daAuts
